 Dungeon Crawl Stone Soup version 0.31-a0-1370-gf52a5a9ab3 (webtiles) character file.

Game seed: 3534047313257243968

115 Aldia the Ruffian (level 4, -6/37 HPs)
             Began as a Draconian Shapeshifter on Dec 24, 2023.
             Mangled by an orc
             ... wielding a +0 flail
              (8 damage)
             ... on level 3 of the Dungeon.
             The game lasted 00:03:39 (1912 turns).

Aldia the Ruffian (Draconian Shapeshifter)          Turns: 1912, Time: 00:03:40

Health: -6/37      AC:  5    Str: 19    XL:     4   Next: 68%
Magic:  4/4        EV: 12    Int: 10    God:
Gold:   57         SH:  0    Dex: 10    Spells: 3/3 levels left

rFire   . .          .
                       - Unarmed
rCold   . . .        (no shield)
rNeg    . . .        (body armour unavailable)
rPois   .            (helmet currently unavailable)
rElec   .            (cloak currently unavailable)
rCorr   .            (gloves currently unavailable)
SInv    .            (boots currently unavailable)
Will    .....        (no amulet)
Stlth   +            (no ring)
HPRegen 0.26/turn    (no ring)
MPRegen 0.09/turn

%: no passive effects
@: beast-form
A: beast (slay +2), AC +5, unfitting armour, cold-blooded
a: Begin Untransformation


You were on level 3 of the Dungeon.
You were a hulking beast.
You visited 1 branch of the dungeon, and saw 3 of its levels.

You collected 57 gold pieces.

Inventory:

Talismans
 b - a beast talisman
 c - a flux talisman
Scrolls
 e - a scroll of blinking {unknown}
 f - a scroll of revelation {unknown}
 h - a scroll of immolation {unknown}
 i - 2 scrolls of identify
 j - a scroll of summoning {unknown}
 k - a scroll of acquirement {unknown}
 l - a scroll of enchant weapon {unknown}
Potions
 a - a potion of lignification
 d - a potion of heal wounds
 g - a potion of might


   Skills:
 + Level 2.3 Fighting
 + Level 2.5 Dodging
 * Level 4.1 Unarmed Combat
 + Level 3.5 Shapeshifting


You had 3 spell levels left.
You didn't know any spells.
Your spell library was empty.

Dungeon Overview and Level Annotations

Branches:
Dungeon (3/15)

Altars:


Innate Abilities, Weirdness & Mutations

You are a hulking beast.
Your limbs bulge with bestial killing power. (Slay +2)
Your plain brown scales are hard. (AC +5)
You cannot fit into any form of body armour.
You are cold-blooded and may be slowed by cold attacks.


Message History

You closely miss the orc priest.
You tail-slap the orc priest, but do no damage.
The orc priest is severely wounded.
The orc closely misses you.
The orc priest looks satisfied for a moment.
You hit the orc priest.
Your tail-slap misses the orc priest.
The orc priest is almost dead.
The orc barely misses you.
The orc priest calls down the wrath of Beogh upon you.
Beogh smites you!
* * * LOW HITPOINT WARNING * * *
You are too injured to fight recklessly!
You are too injured to fight recklessly!
You completely miss the orc priest.
The orc priest is almost dead.
The orc priest looks satisfied for a moment.
You hit the orc priest.
The orc priest is almost dead.
The orc priest invokes the aid of Beogh against you.
You barely resist. You hit the orc priest.
You kill the orc priest!
The orc hits you with a +0 mace.
* * * LOW HITPOINT WARNING * * *
Your Unarmed Combat skill increases to level 4!
You punch the orc!
You kill the orc!
The orc throws a boomerang.
The boomerang hits you.
* * * LOW HITPOINT WARNING * * *
The orc hits you with a +0 flail.
* * * LOW HITPOINT WARNING * * *
The orc hits you with a +0 whip.
* * * LOW HITPOINT WARNING * * *
Things that are here:
a +0 mace; an orc corpse You punch the orc!
You kill the orc!
The orc misses you. The orc hits you with a +0 flail!
You die...

#<# #.# #.#
####<###.### #.#
...........#####.#
.............)...#
####.###.#.#####.#
#.# #...# #.# #.#
###.# #.# #.#
...####)# ...
>#....oh# ##.
#...####.# ## ##
#.# #.# #.# #.#
..# ###


You could see an orc.

Vanquished Creatures
  An orc priest (D:3)
  3 worms (D:2)
  A dart slug (D:2)
  6 orcs (D:3)
  4 bats (D:2)
  4 endoplasms
  A giant cockroach (D:1)
  3 goblins (D:1)
  4 hobgoblins (D:2)
  10 jackals (D:1)
  7 kobolds
  4 quokkas
  7 ball pythons
  3 frilled lizards
  3 rats
61 creatures vanquished.

Notes
Turn   | Place    | Note
-------+----------+-------------------------------------------
     0 | D:1      | Aldia the Draconian Shapeshifter began the quest for the
                  | Orb.
     0 | D:1      | Reached XP level 1. HP: 16/16 MP: 1/1
    66 | D:1      | Reached XP level 2. HP: 19/23 MP: 2/2
   349 | D:1      | Reached XP level 3. HP: 29/29 MP: 3/3
  1285 | D:2      | Reached XP level 4. HP: 34/36 MP: 4/4
  1908 | D:3      | Reached skill level 4 in Unarmed Combat
  1910 | D:3      | HP: 1/37 [orc/+0 whip (1)]
  1912 | D:3      | Mangled by an orc

Illustrated notes

Levels and vault maps discovered:
D:1:      lemuel_arrival_cross, layout_basic, minmay_shallow_snake_nest
D:2:      layout_basic, serial_curves, eino_curves_01, eino_curves_04,
          eino_curves_01, eino_curves_02, grunt_ministairs_6
D:3:      layout_loops_ring, gammafunk_temple_overflow_arena, serial_shops, shop

Skill      XL: |  1  2  3  4 |
---------------+-------------+-----
Dodging        | 2 |  2.5
Fighting       | 2 |  2.3
Unarmed Combat | 4 |  4.1
Shapeshifting  | |  3.5

Action                     |  1- 3 |  4- 6 || total
---------------------------+-------+-------++-------
  Melee: Unarmed           |   140 |    40 ||   180
         Tailslap          |    17 |     9 ||    26
         Punch             |     2 |       ||     2
    Use: Scroll            |       |     2 ||     2
   Stab: Sleeping          |     1 |       ||     1
 Armour: Skin              |    74 |    25 ||    99
  Dodge: Dodged            |    96 |    13 ||   109

Table legend: (Time is in decaauts)
 A = Elapsed time spent in this place.
 B = Non-inter-level travel time spent in this place.
 C = Inter-level travel time spent in this place.
 D = Time resting spent in this place.
 E = Time spent auto-exploring this place.
 F = Levels seen in this place.
 G = Mean time per level.
                   A        B        C        D        E       F      G
               +--------+--------+--------+--------+--------+-----+--------+
         Total |   1902 |   1857 |     45 |      0 |   1514 |   3 |  634.0 |
       Dungeon |   1902 |   1857 |     45 |      0 |   1514 |   3 |  634.0 |
               +--------+--------+--------+--------+--------+-----+--------+

Top non-repeatable levels by time:
     D:2: 1042 daAuts
     D:1: 762 daAuts
     D:3: 97 daAuts
